 Dungeon Crawl Stone Soup version 0.29-a0-322-g68df515428 (webtiles) character file.

Game seed: 17122155712181627871

447287 Strat the Slayer (level 23, -11/213 HPs)
             Began as a Barachi Abyssal Knight on Mar 25, 2022.
             Was a High Priest of Lugonu.
             Mangled by a spark wasp (14 damage)
             ... on level 1 of the Abyss on Apr 7, 2022.
             The game lasted 02:23:24 (64029 turns).

Strat the Slayer (Barachi Abyssal Knight)          Turns: 64029, Time: 02:23:25

Health: -11/213    AC: 31    Str: 26    XL:     23   Next: 90%
Magic:  31/36      EV: 18    Int: 11    God:    Lugonu [*****.]
Gold:   3441       SH: 13    Dex: 14    Spells: 22/22 levels left

rFire   + . .      SeeInvis +   a - +5 broad axe (flame)
rCold   + . .      Faith    .   l - +0 kite shield {reflect}
rNeg    + . .      Spirit   .   d - +7 Kryia's mail coat {PotionHeal*2 rC+}
rPois   +          Reflect  +   i - +2 helmet {SInv}
rElec   .          Harm     .   J - +2 cloak {Stlth+}
rCorr   .          Rampage  .   L - +2 pair of gloves {Stlth+}
Will    +++..                   r - +2 pair of boots
Stlth   ++........              b - amulet of the Sun {Acrobat rF+ Will+ Slay+3}
HPRegen 0.45/turn               v - +4 ring of evasion
MPRegen 0.25/turn               Q - ring of the Catamount {rPois rN+ Will+}

@: mighty, marked, studying Throwing, slow
A: amphibious, slowness 1, strong legs 2, +LOS, talons 1, strong 1
}: 3/15 runes: decaying, silver, gossamer
a: Hop, Renounce Religion, Depart the Abyss, Bend Space, Banish, Corrupt, Enter
the Abyss


You were on level 1 of the Abyss.
You worshipped Lugonu.
Lugonu was extremely pleased with you.
You visited 7 branches of the dungeon, and saw 40 of its levels.
You visited the Abyss 2 times.
You visited 1 bazaar.

You collected 4837 gold pieces.
You spent 1396 gold pieces at shops.

Inventory:

Hand Weapons
 a - a +5 broad axe of flaming (weapon)
 F - a +4 vorpal broad axe
Missiles
 c - 892 stones
 q - 40 boomerangs (quivered)
 w - 7 throwing nets
 x - 47 poisoned darts
 D - 8 boomerangs of dispersal
 Y - 10 datura-tipped darts
Armour
 d - the +7 Kryia's mail coat (worn) {PotionHeal*2 rC+}
   (You found it on level 3 of the Dungeon)

   Potions are twice as effective at healing its wearer.
   rC:        It protects you from cold.
 i - a +2 helmet of see invisible (worn)
 l - a +0 kite shield of reflection (worn)
 r - a +2 pair of boots (worn)
 J - a +2 cloak of stealth (worn)
 L - a +2 pair of gloves of stealth (worn)
Jewellery
 b - the amulet of the Sun (around neck) {Acrobat rF+ Will+ Slay+3}
   (You took it off a spriggan rider on level 3 of the Swamp)

   [amulet of the acrobat]

   It increases your evasion while moving and waiting.
   Slay:      It affects your accuracy & damage with ranged weapons and melee
   (+3).
   rF:        It protects you from fire.
   Will:      It increases your willpower.
 f - a ring of positive energy
 k - a ring of see invisible
 o - an amulet of faith
 s - a ring of resist corrosion
 v - a +4 ring of evasion (left hand)
 Q - the ring of the Catamount (right hand) {rPois rN+ Will+}
   (You bought it in a shop on level 1 of the Orcish Mines)

   [ring of willpower]

   rPois:     It protects you from poison.
   rN:        It protects you from negative energy.
   Will:      It increases your willpower.
Wands
 g - a wand of acid (11)
 n - a wand of flame (59)
 B - a wand of paralysis (10)
 G - a wand of mindburst (27)
 I - a wand of iceblast (40)
 N - a wand of charming (9)
 W - a wand of digging (4)
 Z - a wand of polymorph (33)
Scrolls
 e - 4 scrolls of enchant armour
 h - 2 scrolls of fog
 p - 2 scrolls of holy word
 u - 4 scrolls of immolation
 A - 5 scrolls of magic mapping
 O - a scroll of fear
 S - 16 scrolls of identify
 X - 3 scrolls of brand weapon
Potions
 j - 6 potions of might
 t - 4 potions of brilliance
 z - 7 potions of flight
 E - 15 potions of mutation
 K - 8 potions of ambrosia
 M - 3 potions of magic
 R - 4 potions of haste
Miscellaneous
 y - a condenser vane
 U - a phantom mirror


   Skills:
 + Level 25.3 Fighting
 - Level 16.0(18.0) Axes
 - Level 14.0(17.0) Maces & Flails
 - Level 6.6 Throwing
 - Level 15.0 Armour
 - Level 10.0 Dodging
 - Level 15.0 Shields
 + Level 18.2 Invocations
 - Level 10.0 Evocations


You had 22 spell levels left.
You didn't know any spells.
Your spell library contained the following spells:

 Spells                   Type           Power      Damage    Failure   Level
 Animate Skeleton         Necr           0%         N/A       75%         1
 Pain                     Necr           0%         1d4       75%         1
 Slow                     Hex            0%         N/A       75%         1
 Summon Small Mammal      Summ           0%         N/A       75%         1
 Ensorcelled Hibernation  Hex/Ice        0%         N/A       86%         2
 Passwall                 Tmut/Erth      0%         N/A       86%         2
 Scorch                   Fire           0%         2d5       86%         2
 Static Discharge         Conj/Air       0%         N/A       86%         2
 Sublimation of Blood     Necr           0%         N/A       86%         2
 Wereblood                Tmut           0%         N/A       86%         2
 Call Canine Familiar     Summ           0%         N/A       98%         3
 Confusing Touch          Hex            0%         N/A       98%         3
 Dazzling Flash           Conj/Hex       0%         N/A       98%         3
 Ignite Poison            Fire/Tmut/Pois 0%         N/A       98%         3
 Inner Flame              Hex/Fire       0%         N/A       98%         3
 Ozocubu's Armour         Ice            0%         N/A       98%         3
 Stone Arrow              Conj/Erth      0%         3d7       98%         3
 Summon Guardian Golem    Hex/Summ       0%         N/A       98%         3
 Swiftness                Air            0%         N/A       98%         3
 Tukima's Dance           Hex            0%         N/A       98%         3
 Vampiric Draining        Necr           0%         2d6       98%         3
 Anguish                  Hex/Necr       0%         N/A       100%        4
 Animate Armour           Summ/Erth      0%         N/A       100%        4
 Cause Fear               Hex            0%         N/A       100%        4
 Dispel Undead            Necr           0%         3d6       100%        4
 Flame Wave               Conj/Fire      0%         2d4       100%        4
 Passage of Golubria      Tloc           0%         N/A       100%        4
 Sticky Flame             Conj/Fire      0%         2d3       100%        4
 Agony                    Necr           0%         N/A       100%        5
 Borgnjor's Vile Clutch   Necr/Erth      0%         N/A       100%        5
 Fireball                 Conj/Fire      0%         3d3       100%        5
 Iskenderun's Battlesphe  Conj           0%         2d6       100%        5
 Lightning Bolt           Conj/Air       0%         1d11      100%        5
 Metabolic Englaciation   Hex/Ice        0%         N/A       100%        5
 Silence                  Hex/Air        0%         N/A       100%        5
 Summon Forest            Summ/Tloc      0%         N/A       100%        5
 Yara's Violent Unravell  Hex/Tmut       0%         3d3       100%        5
 Conjure Ball Lightning   Conj/Air       0%         3x3d6     100%        6
 Eringya's Noxious Bog    Tmut/Pois      0%         N/A       100%        6
 Simulacrum               Ice/Necr       0%         N/A       100%        6
 Summon Cactus Giant      Summ           0%         N/A       100%        6
 Orb of Destruction       Conj           0%         9d5       100%        7
 Summon Hydra             Summ           0%         N/A       100%        7
 Discord                  Hex            0%         N/A       100%        8
 Lehudib's Crystal Spear  Conj/Erth      0%         10d2      100%        8
 Maxwell's Capacitive Co  Air            0%         ∞         100%        8


Dungeon Overview and Level Annotations

Branches:
Dungeon (15/15)            Temple (0/1) D:7            Lair (6/6) D:8
  Swamp (4/4) Lair:3       Spider (4/4) Lair:4        Slime (0/5) Lair:6
    Orc (2/2) D:12            Elf (0/3) Orc:2        Vaults (5/5) D:13
  Crypt (0/3) Vaults:2     Depths (4/4) D:15            Zot (0/5) Depths:4

Altars:
Ashenzari
Elyvilon
Nemelex Xobeh
Okawaru
Trog
The Shining One
Beogh
Jiyva

Shops:
D:8 !   D:10 =   D:15 [(   Orc:1 =[(   Orc:2 :![(   Vaults:1 =   Depths:1 *[((
Depths:3 **

Portals:
Hell: Depths:1 Depths:2 Depths:3 Depths:4
Abyss: Depths:1 Depths:2 Depths:3
Pandemonium: Depths:2
Ziggurat: Depths:3

Annotations:
D:3 Sigmund
D:8 Gastronok
Lair:2 3 runed translucent doors, Wekar's ghost, journeyman BaFi
Lair:5 1 runed translucent door, Buqosi's ghost, journeyman BaIE
Spider:3 2 transporters, exclusion: orange crystal statue, Efeguoh's ghost, adept SpEn; Psyclone's ghost, adept OpIE
Vaults:5 corrupted
Depths:3 1 runed translucent door, drugrobin's ghost, adept DgFi
Abyss:1 Sonja


Innate Abilities, Weirdness & Mutations

You are amphibious.
You cover ground slowly.
You can hop long distances.
You have an extended range of vision and can be seen from far away.
You have sharp toenails.
Your muscles are strong. (Str +2)


Message History

* * * LOW HITPOINT WARNING * * *
The tengu reaver claws you but does no damage.
You carve the spark wasp like a ham!!! You burn the spark wasp!
The spark wasp is severely wounded.
You closely miss the tengu reaver. You slice the spark wasp!!
You burn the spark wasp. You slash the swamp dragon! You burn the swamp dragon.
You block the swamp dragon's attack.
The swamp dragon claws you but does no damage.
You block the swamp dragon's attack. You block the spark wasp's attack.
The spark wasp stings you but does no damage.
The tengu reaver closely misses you.
The tengu reaver pecks you but does no damage.
The tengu reaver completely misses you.
You slash the spark wasp! You burn the spark wasp.
The spark wasp is almost dead.
You slice the swamp dragon!! You burn the swamp dragon.
You kill the swamp dragon!
That felt strangely unrewarding.
You hit the spark wasp. You burn the spark wasp. You slice the tengu reaver!!
You burn the tengu reaver. You block the spark wasp's attack. x2
Something shouts, "Turn tail, thou artless weevil-witted efter!"
You slash the spark wasp! You burn the spark wasp.
You kill the spark wasp!
That felt strangely unrewarding.
You slash the spark wasp! You burn the spark wasp. You miss the tengu reaver.
You block the tengu reaver's attack. x2; The tengu reaver misses you.
You block the spark wasp's attack.
Found a corrupted altar of Lugonu.
The spark wasp completely misses you. You block the spark wasp's attack.
You see here a spark wasp corpse.
You slice the spark wasp!! You burn the spark wasp!
The spark wasp is heavily wounded.
You closely miss the small abomination. You slash the tengu reaver!
You burn the tengu reaver. You slash the spark wasp! You burn the spark wasp.
You block the spark wasp's attack.
The tengu reaver gestures at you while chanting.
The bolt of cold misses you. The spark wasp stings you!
* * * LOW HITPOINT WARNING * * *
The spark wasp shocks you!
You die...

..... ..≈ .....
...# _..# ....
...# ....≈ ...
......
#####.##......
#............♣
#...Q.x.......
#...y@y...#
....x#######.y...♣
.. #... ≈


You could see a tengu reaver, 3 spark wasps and 2 small abominations.

Vanquished Creatures
  Mennas (Vaults:4)
  2 juggernauts (Depths:4)
  Nikola (Vaults:3)
  2 golden dragons (Depths:4)
  Jorgrun (D:15)
  A lich (Depths:3)
  7 tentacled monstrosities
  The ghost of Bediveer the Warrior, an adept MfGl of Okawaru (Spider:2)
  A walking frostbound tome (Depths:2)
  A titan (Vaults:5)
  4 sphinxes
  A thorn hunter (Swamp:4)
  3 shadow dragons
  4 tengu reavers
  Kirke (Swamp:2)
  A storm dragon (Depths:2)
  4 fire giants
  Donald (Swamp:3)
  3 iron dragons
  7 frost giants
  4 ghost moths
  An emperor scorpion (Spider:2)
  Aizul (Spider:1)
  15 vault wardens
  Louise (Spider:1)
  3 orc warlords
  A balrug (Depths:1)
  A deep elf sorcerer (Vaults:2)
  A draconian stormcaller (Depths:4)
  12 ironbound preservers
  A draconian shifter (Depths:4)
  15 very ugly things
  A reaper (Depths:4)
  13 stone giants
  A war gargoyle (Vaults:3)
  4 ironbound thunderhulks
  6 eleionomae
  2 vampire knights (Depths:2)
  A green draconian (Depths:4)
  2 entropy weavers
  A yellow draconian (Depths:4)
  Azrael (D:14)
  A red draconian (Depths:4)
  A deep elf demonologist (Vaults:3)
  4 spark wasps
  6 bunyips
  20 dire elephants
  A deep elf death mage (Vaults:5)
  10 ettins
  2 green deaths (Swamp:4)
  Snorg (Lair:4)
  A deep elf high priest (Vaults:5)
  Josephine (D:10)
  8 fire dragons
  10 yaktaur captains
  4 great orbs of eyes
  18 hydras
  Fannar (D:10)
  A jorogumo (Spider:3)
  22 vault guards (Vaults:4)
  5 boulder beetles
  Harold (D:10)
  3 spriggan air magi
  7 ice dragons
  A rakshasa (Depths:1)
  A catoblepas (D:13)
  10 centaur warriors
  2 peacekeepers
  Erica (D:10)
  A merfolk avatar (Lair:6)
  A radroach (Spider:3)
  A spriggan skeleton (Depths:3)
  2 death knights (Vaults:2)
  2 dancing weapons (D:13)
  4 two-headed ogres
  10 alligators
  7 ironbound frosthearts
  9 tengu warriors
  A deep troll earth mage (Depths:4)
  7 death yaks (Lair:3)
  13 deep troll shamans
  An orc high priest (Orc:2)
  A titan zombie (Depths:3)
  A soul eater (Depths:3)
  5 spriggan berserkers
  3 sun demons
  A salamander mystic (Depths:3)
  12 hell knights
  A golden dragon zombie (Vaults:1)
  4 goliath frogs
  11 iron trolls
  2 pharaoh ants
  A sea snake (shapeshifter) (Depths:2)
  A sun moth (Spider:4)
  3 flayed ghosts
  7 orb spiders
  11 lindwurms
  6 steelbarb worms
  12 ironbound convokers
  12 swamp dragons
  10 bog bodies
  4 spriggan druids
  2 glowing orange brains
  3 harpies (Vaults:4)
  2 sea snakes (Lair:6)
  A shadow dragon zombie (Depths:3)
  36 deep trolls
  8 wizards
  5 necromancers
  18 orc knights
  4 cyclopes
  4 phantasmal warriors
  18 wolf spiders
  2 deep elf pyromancers
  A manticore (shapeshifter) (Vaults:5)
  A stone giant zombie (Vaults:1)
  4 manticores
  44 ugly things
  3 salamanders (Depths:4)
  3 moths of wrath
  5 will-o-the-wisps
  15 elephants
  11 vault sentinels
  2 guardian serpents (shapeshifter)
  A smoke demon (Depths:4)
  Maurice (D:8)
  6 black mambas
  16 cane toads
  Maggie (D:10)
  2 torpor snails
  A gargoyle (D:13)
  6 demonic crawlers
  7 komodo dragons
  2 kobold demonologists (D:11)
  3 orange demons (Swamp:4)
  An unseen horror (D:10)
  23 yaktaurs
  11 rime drakes
  5 freezing wraiths
  2 ice devils (Lair:1)
  9 tengu conjurers
  9 trolls
  3 meliai (D:13)
  7 polar bears
  11 tyrant leeches
  A troll (shapeshifter) (D:15)
  21 tarantellas
  A wind drake (Lair:6)
  21 hornets
  A shadow dragon simulacrum (Vaults:1)
  A dream sheep (shapeshifter) (Vaults:5)
  34 slime creatures
  A tarantella (shapeshifter) (Vaults:4)
  7 dream sheep (Lair:6)
  2 snapping turtles (Lair:6)
  8 blink frogs
  A large abomination (Swamp:4)
  16 culicivoras
  10 jumping spiders
  10 wyverns
  3 shadows
  4 water elementals
  3 wraiths (D:10)
  10 spriggans
  8 basilisks
  2 yaks (shapeshifter)
  26 redbacks
  A vampire (D:8)
  4 fire elementals (D:14)
  61 yaks
  2 hogs (Swamp:2)
  8 vampire mosquitoes
  2 steam dragons
  A golden eye (shapeshifter) (D:14)
  Grum (D:8)
  Menkaure (D:7)
  18 swamp worms
  Edmund (D:5)
  A human zombie (Vaults:1)
  6 wargs
  8 water moccasins
  3 hell hounds
  2 floating eyes
  3 swamp drakes
  A black bear (D:6)
  40 orc warriors
  2 ice beasts
  9 ogres
  3 boggarts (Vaults:1)
  29 wolves
  19 centaurs
  A phantom (D:4)
  4 kobold brigands
  8 bullfrogs
  4 necrophages
  A gnoll sergeant (D:6)
  A scorpion (D:4)
  8 wights
  5 killer bees (D:9)
  12 electric eels
  3 howler monkeys (D:12)
  3 jellies (Lair:6)
  3 hounds
  20 orc priests
  A gnoll shaman (D:8)
  12 human skeletons (Vaults:2)
  2 iguanas
  12 hell rats
  24 orc wizards
  10 gnolls
  8 adders
  A white imp (D:7)
  2 worms
  4 dart slugs
  106 orcs
  7 ball pythons
  2 bats (D:1)
  7 endoplasms
  5 giant cockroaches
  5 goblins
  9 hobgoblins
  22 kobolds
  7 quokkas
  4 frilled lizards (D:1)
  7 rats
1511 creatures vanquished.

Vanquished Creatures (collateral kills)
  An orc knight (Orc:2)
1 creature vanquished.

Vanquished Creatures (others)
  A fire giant (Depths:3)
  A black mamba (Lair:3)
  4 bloated husks
  3 humans (Swamp:2)
  A hell rat (Lair:6)
  2 briar patches (Swamp:4)
  3 bushes (Lair:6)
  20 foxfires
  55 fungi
  131 plants
  2 starspawn tentacles (Vaults:5)
223 creatures vanquished.

Grand Total: 1735 creatures vanquished

Notes
Turn   | Place    | Note
-------+----------+-------------------------------------------
     0 | Abyss:1  | Strat the Barachi Abyssal Knight began the quest for the
                  | Orb.
     0 | Abyss:1  | Reached XP level 1. HP: 18/18 MP: 2/2
     5 | D:1      | Escaped the Abyss
   121 | D:1      | Reached XP level 2. HP: 24/24 MP: 3/3
   495 | D:1      | Reached XP level 3. HP: 25/29 MP: 4/4
   581 | D:1      | Reached *** piety under Lugonu
  1420 | D:1      | Reached XP level 4. HP: 25/36 MP: 5/5
  1532 | D:2      | Found Orphath's Antique Weapon Shoppe.
  1998 | D:2      | Reached skill level 5 in Maces & Flails
  2791 | D:2      | Reached XP level 5. HP: 28/41 MP: 6/6
  3125 | D:3      | Noticed Sigmund
  3449 | D:4      | Noticed an ogre
  3700 | D:3      | Reached skill level 4 in Fighting
  3791 | D:3      | Found the +7 Kryia's mail coat {PotionHeal*2 rC+}
  4147 | D:4      | Noticed an ogre
  4151 | D:4      | Killed an ogre
  4152 | D:4      | Reached skill level 5 in Fighting
  4152 | D:4      | Reached XP level 6. HP: 27/51 MP: 7/7
  4436 | D:4      | Reached **** piety under Lugonu
  4437 | D:4      | Reached skill level 5 in Armour
  4513 | D:4      | Reached XP level 7. HP: 47/54 MP: 8/8
  4889 | D:5      | Entered Level 5 of the Dungeon
  4926 | D:5      | Noticed a steam dragon
  5223 | D:5      | Reached XP level 8. HP: 60/62 MP: 9/9
  5495 | D:5      | Noticed Edmund
  5510 | D:5      | Killed Edmund
  5935 | D:6      | Reached skill level 10 in Maces & Flails
  6347 | D:6      | Reached XP level 9. HP: 68/68 MP: 11/11
  6836 | D:7      | Identified the +9 flail "Kiskoz" {flame, rPois rF- Str+3}
  7011 | D:7      | Found a staircase to the Ecumenical Temple.
  7512 | D:7      | Identified the +6 whip of Alohy {antimagic, rPois rN+ rCorr
                  | Str+4}
  7538 | D:7      | Noticed Menkaure
  7546 | D:7      | Killed Menkaure
  7823 | D:8      | Found an iron altar of Okawaru.
  7831 | D:8      | Noticed Gastronok
  7869 | D:8      | Noticed Maurice
  7928 | D:8      | Reached skill level 5 in Invocations
  7938 | D:8      | Killed Maurice
  7991 | D:8      | Noticed a hornet
  7998 | D:8      | Killed a hornet
  7998 | D:8      | Reached ***** piety under Lugonu
  8037 | D:8      | Noticed Grum
  8118 | D:8      | HP: 1/68 [Grum/+0 glaive (6)]
  8120 | D:8      | Killed Grum
  8121 | D:8      | Reached XP level 10. HP: 73/74 MP: 14/14
  8252 | D:8      | You fall into a shaft and drop 1 floor!
  8522 | D:8      | Found a staircase to the Lair.
  8993 | D:8      | Found Wulum's Distillery.
  9000 | D:8      | Bought a potion of heal wounds for 55 gold pieces
  9000 | D:8      | Bought a potion of might for 44 gold pieces
  9000 | D:8      | Bought a potion of might for 44 gold pieces
  9266 | D:9      | Paralysed by a hornet for 2 turns
  9764 | D:9      | Reached XP level 11. HP: 70/79 MP: 17/17
 10039 | D:10     | Entered Level 10 of the Dungeon
 10059 | D:10     | Noticed Josephine
 10076 | D:10     | Killed Josephine
 10150 | D:10     | Noticed Erica
 10165 | D:10     | Killed Erica
 10166 | D:10     | Reached skill level 10 in Invocations
 10207 | D:10     | Noticed Harold
 10233 | D:10     | Killed Harold
 10334 | D:10     | Reached skill level 6 in Fighting
 10345 | D:10     | Noticed a two-headed ogre
 10357 | D:10     | Killed a two-headed ogre
 10377 | D:10     | Noticed Fannar
 10383 | D:10     | Noticed Maggie
 10593 | D:10     | Killed Maggie
 10639 | D:10     | Noticed a two-headed ogre
 10647 | D:10     | Killed a two-headed ogre
 10648 | D:10     | Reached skill level 7 in Fighting
 10709 | D:10     | Found Xaklos's Jewellery Shoppe.
 10736 | D:10     | Paralysed by a hornet for 3 turns
 10744 | D:10     | Reached skill level 1 in Axes
 11179 | Lair:1   | Entered Level 1 of the Lair of Beasts
 11182 | Lair:1   | Noticed a five-headed hydra
 11198 | Lair:1   | Killed a five-headed hydra
 11199 | Lair:1   | Reached skill level 8 in Fighting
 11199 | Lair:1   | Reached XP level 12. HP: 76/92 MP: 19/19
 11457 | Lair:1   | Noticed a seven-headed hydra
 11471 | Lair:1   | Killed a seven-headed hydra
 11496 | Lair:1   | Reached skill level 9 in Fighting
 11638 | Lair:1   | Upgraded the game from 0.29-a0-284-gf9362112df to
                  | 0.29-a0-321-gf1c400731a
 12156 | Lair:1   | Reached skill level 10 in Fighting
 12169 | Lair:1   | Reached skill level 10 in Armour
 12268 | Lair:1   | Reached skill level 1 in Shields
 12524 | Lair:2   | Identified the +3 leather armour "Beil Ceo" {rElec Dex+2}
 12617 | Lair:2   | Found a runed translucent gate.
 12617 | Lair:2   | Found a runed translucent gate.
 12618 | Lair:2   | Found a runed translucent gate.
 12618 | Lair:2   | Noticed Wekar's ghost (journeyman BaFi)
 12618 | Lair:2   | Noticed a great orb of eyes
 12619 | Lair:2   | Found a viscous altar of Jiyva.
 12619 | Lair:2   | Found the +7 Singing Sword {vorpal, sonic wave}
 13603 | Lair:3   | Reached skill level 5 in Shields
 13605 | Lair:3   | Noticed a four-headed hydra
 13633 | Lair:3   | Killed a four-headed hydra
 13705 | Lair:3   | Gained mutation: You can hop long distances. [Barachi
                  | growth]
 13705 | Lair:3   | Reached XP level 13. HP: 84/103 MP: 21/21
 14702 | Lair:3   | Found a staircase to the Swamp.
 15141 | Lair:4   | Found a bloodstained altar of Trog.
 15234 | Lair:4   | Got the Grimoire of Darkness and Transformation
 15384 | Lair:4   | Reached ****** piety under Lugonu
 15434 | Lair:4   | Noticed Snorg
 15457 | Lair:4   | Killed Snorg
 15899 | Lair:4   | Found a hole to the Spider Nest.
 16775 | Lair:5   | Reached skill level 10 in Shields
 16786 | Lair:5   | Reached XP level 14. HP: 54/110 MP: 23/23
 16908 | Lair:5   | Reached skill level 5 in Axes
 17085 | Lair:5   | Found a runed translucent door.
 17085 | Lair:5   | Noticed Buqosi's ghost (journeyman BaIE)
 17937 | Lair:6   | Entered Level 6 of the Lair of Beasts
 18208 | Lair:6   | Noticed a dire elephant
 18838 | Lair:6   | Found a staircase to the Slime Pits.
 19351 | Lair:5   | Reached skill level 10 in Axes
 19723 | Lair:6   | Found the ring of the Octopus King
 19724 | Lair:6   | Identified the +2 mace of a bazaar {elec, rElec rCorr}
 19727 | Lair:6   | Identified a ring of the Octopus King {rC+ AC+1 EV+1 Str+1
                  | Int+1 Dex+1}
 19740 | Lair:6   | Paralysed by a hornet for 1 turns
 19895 | Lair:6   | Killed a dire elephant
 21558 | D:12     | Reached XP level 15. HP: 98/115 MP: 24/24
 22073 | D:12     | Gained mutation: You sometimes lose the ability to read
                  | scrolls when taking damage. [a neqoxec]
 22091 | D:11     | Lost mutation: You sometimes lose the ability to read
                  | scrolls when taking damage. [potion of mutation]
 22091 | D:11     | Gained mutation: Your muscles are strong. (Str +2) [potion
                  | of mutation]
 22091 | D:11     | Gained mutation: You have sharp toenails. [potion of
                  | mutation]
 22393 | D:12     | Found a staircase to the Orcish Mines.
 22648 | Orc:1    | Entered Level 1 of the Orcish Mines
 22660 | Orc:1    | Found Ahaic's Jewellery Shoppe.
 22674 | Orc:1    | Bought the ring of the Catamount {rPois rN+ Will+} for 404
                  | gold pieces
 22693 | Orc:2    | Entered Level 2 of the Orcish Mines
 22760 | Orc:2    | Found a flickering gateway to a bazaar.
 22774 | Bazaar   | Entered a bazaar
 22774 | Bazaar   | Found Welass's Distillery.
 22783 | Bazaar   | Found Ydotsire's Jewellery Emporium.
 22799 | Bazaar   | Found Zudd's Antique Armour Emporium.
 22826 | Bazaar   | Found Goreuqe's Antique Weapon Shop.
 22828 | Bazaar   | Found Digruh's General Store.
 22865 | Bazaar   | Bought a potion of curing for 27 gold pieces
 22865 | Bazaar   | Bought a potion of curing for 27 gold pieces
 22865 | Bazaar   | Bought a potion of curing for 27 gold pieces
 22865 | Bazaar   | Bought a potion of curing for 27 gold pieces
 22865 | Bazaar   | Bought 2 potions of curing for 54 gold pieces
 22897 | Bazaar   | Bought a runed helmet for 127 gold pieces
 22966 | Orc:2    | Found a staircase to the Elven Halls.
 24275 | Orc:2    | Found Ryutwu Kyto's Armour Shop.
 24275 | Orc:2    | Found Plog's Weapon Shoppe.
 24356 | Orc:2    | Found Vuidytie's Book Shop.
 24356 | Orc:2    | Found Dueq's Distillery.
 24371 | Orc:2    | Bought a potion of heal wounds for 70 gold pieces
 24371 | Orc:2    | Bought a potion of heal wounds for 70 gold pieces
 24371 | Orc:2    | Bought a potion of magic for 112 gold pieces
 24371 | Orc:2    | Bought a potion of might for 56 gold pieces
 24371 | Orc:2    | Bought a potion of curing for 42 gold pieces
 24551 | Orc:1    | Found Pizxo's Armour Boutique.
 24689 | Orc:1    | Found Fafout's Antique Weapon Boutique.
 24716 | Orc:1    | Bought a runed broad axe for 210 gold pieces
 25116 | D:13     | Reached skill level 15 in Axes
 25121 | D:13     | Noticed Sonja
 25204 | D:13     | Banished Sonja
 25939 | D:13     | Found a broken altar of Ashenzari.
 26131 | D:13     | Found a gate to the Vaults.
 26766 | D:14     | Noticed Azrael
 26782 | D:14     | Killed Azrael
 27020 | D:14     | Identified the +6 rapier of Expedience {vorpal, Fragile
                  | rElec Int+6 SInv}
 27094 | D:15     | Entered Level 15 of the Dungeon
 27107 | D:14     | Reached XP level 16. HP: 102/122 MP: 25/25
 27242 | D:15     | Found a staircase to the Depths.
 27286 | D:15     | Noticed Jorgrun
 27297 | D:15     | Killed Jorgrun
 27649 | D:15     | Found Dofis's Armour Shoppe.
 27762 | D:15     | Found Hianec's Weapon Emporium.
 27981 | D:10     | Killed Fannar
 28118 | Swamp:1  | Entered Level 1 of the Swamp
 28982 | Swamp:2  | Noticed Kirke
 29296 | Swamp:2  | Killed Kirke
 30392 | Swamp:3  | Identified the amulet of the Sun {Acrobat rF+ Will+ Slay+3}
 30547 | Swamp:3  | Reached XP level 17. HP: 96/128 MP: 28/28
 30583 | Swamp:3  | Noticed Donald
 30586 | Swamp:3  | Reached skill level 15 in Invocations
 30793 | Swamp:3  | Killed Donald
 30794 | Swamp:3  | Reached skill level 15 in Shields
 31054 | Swamp:4  | Entered Level 4 of the Swamp
 31557 | Swamp:3  | Reached skill level 11 in Fighting
 31894 | Swamp:4  | Reached skill level 5 in Dodging
 32370 | Swamp:4  | Noticed a tentacled monstrosity
 32386 | Swamp:4  | Killed a tentacled monstrosity
 32387 | Swamp:4  | Reached skill level 12 in Fighting
 32498 | Swamp:4  | Got a decaying rune of Zot
 32965 | Spider:1 | Entered Level 1 of the Spider Nest
 32984 | Spider:1 | Identified the +1 chain mail of Xom's Hope {rCorr}
 33024 | Spider:1 | Noticed Aizul
 33047 | Spider:1 | Killed Aizul
 33284 | Spider:1 | Noticed Louise
 33316 | Spider:1 | Reached skill level 13 in Fighting
 33325 | Spider:1 | Killed Louise
 34049 | Spider:2 | Reached XP level 18. HP: 119/144 MP: 29/29
 34140 | Spider:2 | Identified the ring "Lasot" {Ice Drain rN+++ Will- rCorr}
 34507 | Spider:2 | Found a runed translucent door.
 34677 | Spider:2 | Noticed Bediveer's ghost (adept MfGl)
 34714 | Spider:2 | Killed Bediveer's ghost
 34715 | Spider:2 | Reached skill level 14 in Fighting
 34986 | Spider:3 | Found a transporter.
 34993 | Spider:3 | Noticed Efeguoh's ghost (adept SpEn)
 34995 | Spider:3 | Noticed Psyclone's ghost (adept OpIE)
 35037 | Spider:3 | Found a transporter.
 35218 | Spider:3 | Reached skill level 10 in Dodging
 36079 | Spider:4 | Entered Level 4 of the Spider Nest
 36477 | Spider:4 | Reached skill level 15 in Fighting
 37137 | Spider:4 | Reached skill level 16 in Fighting
 37160 | Spider:4 | Reached skill level 1 in Evocations
 37394 | Spider:4 | Got a gossamer rune of Zot
 38067 | Vaults:1 | Entered Level 1 of the Vaults
 38748 | Vaults:1 | Found Diclom's Jewellery Emporium.
 40121 | Vaults:1 | Reached XP level 19. HP: 111/159 MP: 30/30
 40335 | Vaults:1 | Reached skill level 5 in Evocations
 40819 | Vaults:1 | Reached skill level 17 in Fighting
 43975 | Vaults:2 | Found a staircase to the Crypt.
 44715 | Vaults:3 | Reached skill level 18 in Fighting
 45505 | Vaults:3 | Noticed Nikola
 45530 | Vaults:3 | Killed Nikola
 45838 | Vaults:3 | Upgraded the game from 0.29-a0-321-gf1c400731a to
                  | 0.29-a0-322-g68df515428
 45942 | Vaults:3 | Reached XP level 20. HP: 147/172 MP: 31/31
 47064 | Vaults:3 | Identified the +1 chain mail "Pala Zeh" {Will+ Int+3}
 47234 | Vaults:4 | Reached skill level 10 in Evocations
 47414 | Vaults:4 | Reached skill level 19 in Fighting
 48011 | Vaults:4 | Reached skill level 15 in Armour
 48465 | Vaults:4 | Noticed Mennas
 48516 | Vaults:4 | Killed Mennas
 48820 | Vaults:4 | Reached skill level 20 in Fighting
 50161 | Depths:1 | Entered Level 1 of the Depths
 50270 | Depths:1 | Found Toeloraf's Weapon Shoppe.
 50270 | Depths:1 | Found Usuog's Armour Emporium.
 50349 | Depths:1 | Found Setoano's Antique Weapon Shoppe.
 50355 | Depths:1 | Found Muczac's General Store.
 50523 | Depths:1 | Reached skill level 21 in Fighting
 50946 | Depths:1 | Found a gateway to Hell.
 51689 | Depths:1 | Reached XP level 21. HP: 170/188 MP: 32/32
 51848 | Depths:1 | Found a one-way gate to the infinite horrors of the Abyss.
 51883 | Depths:1 | Found a white marble altar of Elyvilon.
 52153 | Depths:1 | Reached skill level 22 in Fighting
 52532 | Depths:2 | Identified the +10 rapier of Midsummer {pain, rF- Dex+7}
 52784 | Depths:2 | Found a one-way gate leading to the halls of Pandemonium.
 54623 | Depths:2 | Found a glowing golden altar of the Shining One.
 55018 | Depths:2 | Reached skill level 23 in Fighting
 55485 | Depths:3 | Found a one-way gateway to a ziggurat.
 55491 | Depths:3 | Found Ezxuixeice's Specific Store.
 55616 | Depths:3 | Found Mumovi Resh's General Store.
 56416 | Depths:3 | Found a sparkling altar of Nemelex Xobeh.
 56450 | Depths:3 | Found a runed translucent door.
 56450 | Depths:3 | Noticed drugrobin's ghost (adept DgFi)
 57430 | Depths:4 | Entered Level 4 of the Depths
 57846 | Depths:4 | Noticed a juggernaut
 57868 | Depths:4 | Killed a juggernaut
 58179 | Depths:4 | Reached XP level 22. HP: 168/197 MP: 34/34
 58280 | Depths:4 | Noticed a golden dragon
 58293 | Depths:4 | Killed a golden dragon
 58874 | Depths:4 | Identified the +1 demon trident of Truncation {pain, Dex+2}
 58969 | Depths:4 | Reached skill level 24 in Fighting
 59224 | Depths:4 | Paralysed by a floating eye for 3 turns
 60025 | Depths:4 | Noticed a juggernaut
 60040 | Depths:4 | Killed a juggernaut
 60693 | Depths:4 | Noticed a golden dragon
 60709 | Depths:4 | Killed a golden dragon
 61126 | Depths:4 | Found a gate to the Realm of Zot.
 61881 | Vaults:5 | Entered Level 5 of the Vaults
 61882 | Vaults:5 | Corrupted Vaults:5
 62702 | Vaults:5 | Identified the +4 demon whip "Orb Guardian's Curse" {elec,
                  | Dex+4}
 62951 | Vaults:5 | Identified the +1 scale mail of Privacy {rPois Will- Str+3}
 63009 | Vaults:5 | Reached skill level 25 in Fighting
 63013 | Vaults:5 | Identified the +3 shortbow of Ascent {venom, Fragile rElec
                  | rPois}
 63440 | Vaults:5 | Got a silver rune of Zot
 63456 | Vaults:5 | Found the +5 robe of Misfortune {Harm *Corrode *Slow EV+5}
 63771 | Vaults:5 | Reached XP level 23. HP: 213/213 MP: 36/36
 63908 | Vaults:5 | Noticed a dread lich
 63916 | Vaults:5 | Paralysed by a dread lich for 6 turns
 64028 | Abyss:1  | Found a corrupted altar of Lugonu.
 64029 | Abyss:1  | HP: 3/213 [spark wasp (11)]
 64029 | Abyss:1  | Mangled by a spark wasp

Illustrated notes

Levels and vault maps discovered:
D:1:      lightli_arrival_flooded_house, layout_basic, hex_large
D:2:      layout_basic, serial_shops, nicolae_shop_stone, serial_corexii_hall,
          chequers_hall_statues_wall_a, chequers_hall_statues_corner_a,
          corner_web_ring
D:3:      layout_basic, uniq_sigmund
D:4:      layout_loops_ring
D:5:      layout_basic, uniq_edmund
D:6:      layout_loops_ring, kennysheep_another_room
D:7:      layout_cave_pods, minmay_temple_entry_trees, uniq_menkaure
D:8:      layout_basic, okawaru_trees_1, lair_entry_dummy, serial_shops, shop,
          serial_bayou_lagoon_b, uniq_maurice, uniq_grum, uniq_gastronok
D:9:      layout_stronghold
D:10:     layout_roguey, serial_shops, shop, uniq_josephine, uniq_harold,
          uniq_fannar, uniq_erica, uniq_maggie
D:11:     layout_stronghold, serial_column_ruins, column_ruins_hut,
          column_ruins_open_small_water, column_ruins_corridor_straight,
          column_ruins_open_small, column_ruins_grid_4
D:12:     layout_rooms, david_orc_5, ldierk_geyser
D:13:     layout_basic, erik_vaults_1, evilmike_ruin_ashenzari, uniq_sonja
D:14:     layout_roguey, uniq_azrael
D:15:     hangedman_depths_entry_civil_slaughter, layout_cave_pools,
          serial_bayou_pond_c, serial_shops, nicolae_shop_bloodbath_and_beyond,
          shop, uniq_jorgrun
Lair:1:   layout_gridlike, portal_ice_cave_demonic_guard, lemuel_fruit_fields
Lair:2:   layout_cave_pods, gammafunk_ghost_ooze, grunt_megastairs_1,
          serial_bayou_shore_a
Lair:3:   layout_cellular_growth, nicolae_swamp_entry_splash_gauntlet,
          minmay_shattered_shrine
Lair:4:   layout_gridlike, nicolae_spider_entry_orb_guardian, special_room
          [special_room_mythical_zoo], basic_altar, roderic_carrion_pond,
          uniq_snorg
Lair:5:   layout_layer_cave, ebering_ghost_inner_flame
Lair:6:   gammafunk_lair_ancient_temple, layout_loops_ring,
          nicolae_slime_entry_slimehenge, serial_bayou_pond_b,
          serial_bayou_pond_a
Swamp:1:  layout_falls_marsh, evilmike_swamp_ruin_house_1
Swamp:2:  nicolae_swamp_tree_isthmus, layout_basic_swamp,
          evilmike_swamp_ruin_rubble_2, uniq_kirke
Swamp:3:  layout_falls_marsh, evilmike_swamp_ruin_rubble_1, uniq_donald
Swamp:4:  swamp_vile, layout_basic_swamp, swamp_pool2,
          nicolae_swamp_alligator_family
Spider:1: layout_spider_delve, uniq_aizul, uniq_louise
Spider:2: layout_spider_delve, ebering_ghost_reflecting_pool
Spider:3: layout_spider_delve, nzn_ghost_randoct
Spider:4: spider_rune_water
Orc:1:    layout_diamond_mine, serial_shops,
          nicolae_shop_temple_entry_statues_fountains, shop, nicolae_shop_stone
Orc:2:    st_orc_town, layout_diamond_mine, serial_shops, bzr_entry_customers
Vaults:1: ontoclasm_vaults_idyll, v_misc_24, v_misc_15,
          nicolae_vaults_border_crossing, grunt_vaults_funnel,
          dpeg_vaults_monster_box, nicolae_vaults_sealed_display, st_lattice,
          vaults_room_door_ring, layout_vaults_big_room, serial_shops, shop
Vaults:2: serial_ice_m, nicolae_vaults_bisected_slash, blue_anna_dwarven_crypt,
          hangedman_vaults_restitches, nicolae_vaults_little_squares_5,
          nicolae_vaults_ninety_degrees, dpeg_vaults_monster_row,
          ontoclasm_vaults_ligature, ontoclasm_vaults_ring_square,
          nicolae_vaults_yaktaur_gun_rack, vaults_room_corners,
          ontoclasm_vaults_gallery, nicolae_vaults_network_square,
          layout_vaults_omnicross
Vaults:3: hangedman_vaults_stagger, nicolae_vaults_big_ls,
          hangedman_vaults_unwind, v_misc_10, nicolae_vaults_circle_grid_b,
          hangedman_vaults_corner_blocks, v_alt_pattern_3,
          nicolae_vaults_little_squares_1, ontoclasm_vaults_eye,
          layout_vaults_ring, uniq_nikola
Vaults:4: v_misc_2, v_misc_9, vaults_room_large_hall,
          nicolae_vaults_network_star, nicolae_vaults_stairing_the_circle,
          v_misc_11, vaults_room_glass_cross, nicolae_vaults_little_squares_4,
          layout_vaults_quadrants, uniq_mennas
Vaults:5
Depths:1: layout_cave_pools, lightli_too_deep, abyss_entry_small_statue_room,
          grunt_ministairs_7, elyvilon_altar_1, minmay_shoptagon
Depths:2: nicolae_legendary_halls, layout_cross, abyss_entry, tso_metal_star,
          pan_entry, grunt_hell_entry_dis_grunt, grunt_decor_cap,
          grunt_ministairs_14, minmay_staircase_bubble, uniq_josephina
Depths:3: wad_cavern_with_rooms, layout_long_grid, enter_ziggurat_f,
          abyss_entry_crystal, nrook_mini_vaults, serial_sigils,
          serial_sigils_hangedman_gut, serial_sigils_hangedman_writhe,
          serial_sigils_hangedman_gnaw, serial_sigils_hangedman_gut, hell_entry,
          gammafunk_ghost_grave, st_stairs_14, minmay_misc_feat_x,
          nicolae_specific_store, nemelex_xobeh_ov_fountains_minmay
Depths:4: evilmike_zot_entry_diamond, layout_gridville,
          serial_sigils_hangedman_stare, hellmouth_1
Abyss:1:  base: Temple, base: Temple, base:
Swamp:1

Skill      XL: |  1  2  3  4  5  6  7  8  9 10 11 12 13 14 15 16 17 18 19 20 21 22 |
---------------+-------------------------------------------------------------------+-----
Maces & Flails | 3 4 5 6 8 10 12 13 14 | 14.0
Fighting       | 5 8 10 13 16 18 21 23 25 | 25.3
Armour         | 3 5 8 10 11 13 15 | 15.0
Invocations    | 3 6 8 10 11 12 13 14 15 16 18 | 18.2
Axes           | 2 4 12 16 | 16.0
Shields        | 5 10 11 14 15 | 15.0
Dodging        | 8 10 | 10.0
Evocations     | 4 9 10 | 10.0
Throwing       | 6 |  6.6

Action                   |  1- 3 |  4- 6 |  7- 9 | 10-12 | 13-15 | 16-18 | 19-21 | 22-24 || total
-------------------------+-------+-------+-------+-------+-------+-------+-------+-------++-------
Melee: Mace              |   102 |   166 |     8 |       |       |       |       |       ||   276
       Punch             |     2 |       |     1 |       |       |       |       |       ||     3
       Unarmed           |       |     1 |       |       |       |       |       |       ||     1
       Flail             |       |       |   143 |       |       |       |       |       ||   143
       Dire flail        |       |       |   181 |   608 |   312 |       |       |       ||  1101
       Broad axe         |       |       |       |       |  1390 |  1676 |  1593 |   496 ||  5155
       Kick              |       |       |       |       |   211 |   675 |   832 |   159 ||  1877
 Fire: Hand crossbow     |       |       |    29 |    93 |   115 |       |       |       ||   237
Throw: Stone             |       |     2 |     2 |       |       |       |       |       ||     4
       Dart              |       |     3 |     5 |       |       |       |       |       ||     8
Invok: Banish            |       |       |       |       |     4 |     4 |    10 |     6 ||    24
       Corrupt           |       |       |       |       |       |       |       |     1 ||     1
       Enter the Abyss   |       |       |       |       |       |       |       |     1 ||     1
 Abil: Hop               |     1 |     1 |     2 |     6 |    16 |     4 |     4 |     3 ||    37
Evoke: Wand              |       |       |     7 |     5 |    23 |    18 |     5 |     1 ||    59
       Phantom mirror    |       |       |       |       |       |       |     1 |       ||     1
       Condenser vane    |       |       |       |       |       |       |     1 |     1 ||     2
  Use: Scroll            |       |     5 |     7 |     2 |    20 |    11 |     1 |     8 ||    54
       Potion            |       |     5 |     5 |     6 |    14 |    14 |    17 |    15 ||    76
 Stab: Sleeping          |       |       |       |       |     1 |       |     3 |     1 ||     5
       Confused          |       |       |       |       |       |     1 |       |       ||     1
       Distracted        |       |       |       |       |       |       |     3 |       ||     3
Armor: Leather armour    |    12 |       |       |       |       |       |       |       ||    12
       Chain mail        |    29 |    23 |       |       |       |       |       |       ||    52
       Ring mail         |       |    24 |       |       |       |       |       |       ||    24
       Scale mail        |       |    19 |   146 |   241 |   895 |   712 |   483 |   259 ||  2755
Dodge: Dodged            |    58 |    75 |   159 |   225 |   638 |   630 |   839 |   323 ||  2947
Block: Kite shield       |       |       |       |       |  1030 |   915 |   845 |   327 ||  3117
       Reflection        |       |       |       |       |       |     5 |    30 |    11 ||    46

Table legend: (Time is in decaauts)
 A = Elapsed time spent in this place.
 B = Non-inter-level travel time spent in this place.
 C = Inter-level travel time spent in this place.
 D = Time resting spent in this place.
 E = Time spent auto-exploring this place.
 F = Levels seen in this place.
 G = Mean time per level.
                   A        B        C        D        E       F      G
               +--------+--------+--------+--------+--------+-----+--------+
         Total |  69197 |  65120 |   4077 |  14902 |  33290 |  43 | 1609.2 |
       Dungeon |  18978 |  17111 |   1867 |   1354 |  10650 |  15 | 1265.2 |
          Lair |  10429 |   9426 |   1003 |   1486 |   5174 |   6 | 1738.2 |
         Swamp |   5035 |   4889 |    146 |   1141 |   2066 |   4 | 1258.8 |
   Spider Nest |   5206 |   5002 |    204 |    485 |   3432 |   4 | 1301.5 |
  Orcish Mines |   2512 |   2367 |    145 |    128 |   1172 |   2 | 1256.0 |
        Vaults |  14813 |  14463 |    350 |   5922 |   5679 |   5 | 2962.6 |
        Depths |  12026 |  11667 |    359 |   4369 |   5036 |   4 | 3006.5 |
         Abyss |     28 |     28 |      0 |     15 |      0 |   2 |   14.0 |
        Bazaar |    166 |    166 |      0 |      0 |     78 |   1 |  166.0 |
               +--------+--------+--------+--------+--------+-----+--------+

Top non-repeatable levels by time:
Vaults:4: 3895 daAuts
Vaults:1: 3683 daAuts
Depths:3: 3365 daAuts
Vaults:2: 3207 daAuts
Depths:4: 3117 daAuts
Depths:2: 3080 daAuts
Vaults:3: 2920 daAuts
Depths:1: 2463 daAuts
  Lair:5: 2095 daAuts
  Lair:3: 2041 daAuts
  Lair:4: 2021 daAuts
   Orc:2: 1983 daAuts
Spider:4: 1761 daAuts
  Lair:6: 1723 daAuts
 Swamp:4: 1718 daAuts
